 Dungeon Crawl Stone Soup version 0.18-a0-1774-gce1f7b6 (webtiles) character file.

53 dohliylev the Sneak (level 3, -2/25 HPs)
             Began as a Vampire Enchanter on Apr 15, 2016.
             Slain by a worm (9 damage)
             ... on level 2 of the Dungeon.
             The game lasted 00:06:20 (1826 turns).

dohliylev the Sneak (Vampire Enchanter)             Turns: 1826, Time: 00:06:21

Health: -2/25      AC:  3    Str:  7    XL:     3   Next: 64%
Magic:  4/6        EV: 12    Int: 17    God:
Gold:   84         SH:  0    Dex: 15    Spells: 2 memorised, 3 levels left

rFire  . . .     SeeInvis +     n - +3 short sword
rCold  + . .     Gourm    .     b - +1 robe
rNeg   + + .     Faith    .     (no shield)
rPois  +         Spirit   .     (no helmet)
rElec  .         Dismiss  .     (no cloak)
rCorr  .         Reflect  .     (no gloves)
SustAt +         Harm     .     (no boots)
MR     .....                    (no amulet)
Stlth  ++++......               (no ring)
                                h - ring of sustain attributes

@: regenerating slowly, not resistant to hostile enchantments, stealthy
A: fangs 3, see invisible, unbreathing
a: Bat Form


You were on level 2 of the Dungeon.
You were thirsty.

You visited 1 branch of the dungeon, and saw 2 of its levels.

You collected 84 gold pieces.

Inventory:

Hand Weapons
 a - a +1 dagger
 n - a +3 short sword (weapon)
Armour
 b - a +1 robe (worn)
Jewellery
 h - a ring of sustain attributes (left hand)
Wands
 q - a wand of lightning (10/15)
Scrolls
 e - 8 scrolls of identify {unknown}
 g - a scroll of remove curse {unknown}
 i - a scroll of teleportation {unknown}
 m - a scroll of blinking {unknown}
 p - a scroll of fog {unknown}
Potions
 d - 16 potions of blood
 f - a potion of lignification {unknown}
 j - a potion of heal wounds {unknown}
 k - 2 potions of mutation {unknown}
 l - a potion of flight {unknown}
 o - a potion of brilliance {unknown}
Books
 c - a book of Maledictions

   Spells                             Type                      Level
   a - Corona                         Hexes                        1
   b - Ensorcelled Hibernation        Hexes/Ice                    2
   c - Confuse                        Hexes                        3
   d - Tukima's Dance                 Hexes                        3
   e - Dazzling Spray                 Conjuration/Hexes            3


   Skills:
 + Level 0.6 Fighting
 - Level 1.1 Short Blades
 - Level 2.1 Dodging
 * Level 6.6 Stealth
 - Level 2.0 Spellcasting
 - Level 4.4 Hexes
 + Level 0.8 Ice Magic


You had 3 spell levels left.
You knew the following spells:

 Your Spells              Type           Power        Failure   Level  Hunger
a - Corona                Hex            ###....      3%          1    #......
b - Ensorcelled Hibernat  Hex/Ice        ##....       12%         2    ###....


Dungeon Overview and Level Annotations

Branches:
Dungeon (2/15)

Altars:


Innate Abilities, Weirdness & Mutations

You heal slowly.
You have razor-sharp teeth.
You have supernaturally acute eyesight.
You can survive without breathing.


Message History

The worm is lightly wounded.
The worm bites you.
You hit the worm.
The worm is moderately wounded.
The worm bites you!
* * * LOW HITPOINT WARNING * * *
You hit the worm.
The worm is moderately wounded.
The worm stops glowing.
Casting: Corona
Confirm with . or Enter, or press ? or * to list all spells.
Aiming: Ensorcelled Hibernation
Press: ? - help, Shift-Dir - straight line, f/p - worm
Aim: a worm (lightly wounded, chance to defeat MR: 50%)
The worm looks drowsy...
The helpless worm fails to defend itself.
You puncture the worm!
The worm is severely wounded.
The worm bites you!
You die...

#.##.#.##########.##.###.#
#.##.#............##.# #.#
#.##.#.#############.# #.#
#......#### ##.###.#
####......# #......#
###.##.# #..##### #<##.#
#..# #.##.# #..# ####.##@#
#..# #....##w# ##..#####
#.#####.# #........ #.#
#.# #.####### #.# #.## #.#
#.# #.#.# #.# #.# #..#.#
#.# #.# ##.# #.####.# #.#
#.## ##.#...####


You could see a worm.

Vanquished Creatures
  An adder (D:2)
  A worm (D:2)
  2 dart slugs
  2 giant geckos (D:1)
  4 goblins
  5 hobgoblins
  3 jackals (D:2)
  A quokka (D:2)
  A ball python (D:1)
  8 bats
  4 kobolds
  3 rats
35 creatures vanquished.

Notes
Turn   | Place    | Note
--------------------------------------------------------------
     0 | D:1      | dohliylev the Vampire Enchanter began the quest for the Orb.
     0 | D:1      | Reached XP level 1. HP: 13/13 MP: 3/3
   390 | D:1      | Reached skill level 5 in Stealth
   681 | D:1      | Reached XP level 2. HP: 14/19 MP: 3/5
   685 | D:1      | Learned a level 2 spell: Ensorcelled Hibernation
  1136 | D:1      | Reached skill level 6 in Stealth
  1498 | D:2      | Reached XP level 3. HP: 25/25 MP: 6/6
  1826 | D:2      | Slain by a worm

Vault maps used:
D:1:      dpeg_arrival_line_fractal, minmay_misc_feat_five
D:2:      lemuel_round_altar, uniq_sigmund

Skill      XL: |  1  2 |
---------------+-------+-----
Stealth        | 5 6 |  6.6
Fighting       | |  0.6
Short Blades   | |  1.1
Dodging        | |  2.1
Spellcasting   | |  2.0
Hexes          | |  4.4
Ice Magic      | |  0.8

Action                   || total
-------------------------++-------
Melee: Dagger            ||    79
       Bite              ||     6
       Short sword       ||    12
 Cast: Corona            ||     9
       Ensorcelled Hiber ||    22
  Use: Potion            ||     1
 Stab: Sleeping          ||    20
Armor: Robe              ||    17
Dodge: Dodged            ||    59
